Map: Coda LE (Void)

Players

Puppytherapy - Winner!

  • Race: Protoss Protoss

Jayu

  • Race: Zerg Zerg

VOD

Have the link to the VOD?

Description

Time

  • Played on: May 5, 2015, 1:04 p.m.
  • Length: 12:37
Show
View Real Time Build Order
Export as new Build Order

Puppytherapy Protoss - Winner!

Build Orders:  

Get SALT Encoding   

  12  0:01  Probe  
  13  0:14  Pylon  
  13  0:19  Probe  
  14  0:32  Gateway  
  14  0:34  Probe (Chrono Boost)  
  16  0:44  Probe (Chrono Boost)  
  16  0:51  Probe  
  16  0:52  Assimilator  
  17  1:03  Probe (Chrono Boost)  
  18  1:13  Probe (Chrono Boost)  
  19  1:20  Probe, Pylon  
  19  1:24  Cybernetics Core  
  20  1:32  Probe  
  21  1:45  Probe  
  22  1:55  Nexus  
  22  2:02  Adept (Chrono Boost)  
  22  2:03  Warp Gate (Chrono Boost)  
  22  2:06  Probe  
  25  2:16  Forge  
  26  2:26  Gateway  
  26  2:29  Sentry  
  27  2:33  Probe (Chrono Boost)  
  28  2:42  Assimilator  
  28  2:43  Probe (Chrono Boost)  
  29  2:50  Probe  
  30  3:06  Probe  
  30  3:08  Probe  
  32  3:14  Protoss Ground Weapons Level 1 (Chrono Boost)  
  32  3:19  Probe, Gateway  
  31  3:34  Probe  
  31  3:40  Pylon  
  32  3:42  Probe  
  32  3:46  Probe  
  34  3:55  Probe  
  35  3:57  Pylon  
  35  3:58  Probe  
  36  4:03  Adept x2  
  40  4:12  Gateway  
  40  4:18  Probe x2  
  40  4:21  Zealot  
  40  4:22  Zealot  
  40  4:23  Zealot  
  48  4:32  Twilight Council  
  48  4:35  Photon Cannon  
  48  4:42  Zealot  
  48  4:43  Zealot  
  48  4:44  Zealot  
  52  4:55  Probe x2  
  52  5:07  Probe x2  
  52  5:10  Zealot x3  
  60  5:29  Protoss Ground Weapons Level 2 (Chrono Boost)  
  60  5:36  Blink (Chrono Boost)  
  60  5:41  Probe x2  
  60  5:42  Pylon  
  60  5:47  Photon Cannon  
  52  5:53  Probe  
  52  5:54  Zealot  
  47  6:00  Zealot  
  47  6:01  Zealot  
  47  6:03  Probe  
  52  6:05  Probe  
  52  6:07  Assimilator  
  53  6:16  Nexus  
  53  6:18  Stargate  
  55  6:20  Stargate, Assimilator  
  55  6:22  Stalker x2  
  51  6:25  Stalker  
  51  6:28  Probe  
  54  6:36  Stalker  
  56  6:40  Pylon  
  56  6:45  Stalker x2, Robotics Facility  
  60  6:58  Probe x2, Pylon  
  62  7:06  Pylon  
  62  7:14  Stalker x3  
  65  7:30  Zealot  
  65  7:33  Probe x3  
  65  7:36  Void Ray (Chrono Boost)  
  65  7:37  Void Ray (Chrono Boost)  
  74  7:40  Observer  
  74  7:42  Zealot x2  
  83  7:45  Probe x2  
  83  7:46  Probe  
  80  8:14  Pylon  
  80  8:16  Pylon  
  80  8:21  Pylon  
  80  8:26  Assimilator  
  82  8:29  Probe x2 (Chrono Boost)  
  82  8:31  Assimilator  
  82  8:32  Stalker, Void Ray (Chrono Boost)  
  82  8:33  Probe (Chrono Boost)  
  82  8:34  Stalker, Void Ray (Chrono Boost)  
  93  8:37  Probe (Chrono Boost)  
  93  8:38  Stalker  
  93  8:40  Protoss Ground Weapons Level 3  
  98  8:41  Probe  
  98  8:42  Probe  
  98  8:48  Probe  
  101  8:51  Stalker  
  101  8:54  Probe x2  
  105  8:58  Pylon  
  105  9:02  Probe  
  106  9:08  Pylon  
  106  9:16  Probe  
  111  9:17  Void Ray (Chrono Boost)  
  111  9:18  Pylon  
  111  9:24  Probe x2  
  113  9:32  Void Ray (Chrono Boost)  
  113  9:33  Dark Shrine  
  113  9:34  Protoss Air Weapons Level 1  
  113  9:38  Nexus  
  117  9:48  Stalker  
  117  9:49  Stalker x3  
  125  10:03  Probe x2  
  125  10:04  Probe  
  125  10:06  Observer  
  129  10:11  Pylon  
  129  10:14  Pylon  
  129  10:15  Probe, Pylon  
  129  10:16  Pylon  
  130  10:29  Probe, Void Ray  
  130  10:31  Void Ray  
  139  10:40  Zealot x2  
  139  10:41  Zealot x2  
  147  10:49  Gateway  
  147  10:52  Gateway  
  147  10:54  Gateway  
  147  10:56  Gateway  
  143  10:58  Gateway  
  109  11:24  Void Ray (Chrono Boost)  
  109  11:26  Dark Templar x4  
  109  11:32  Probe x2  
  123  11:40  Void Ray (Chrono Boost)  
  123  11:42  Stargate  
  123  11:44  Photon Cannon  
  123  11:45  Stargate, Assimilator  
  123  11:49  Assimilator  
  122  11:59  Oracle  
  122  12:00  Dark Templar  
  122  12:01  Dark Templar x3  
  132  12:05  Zealot x4  
  114  12:34  Dark Templar x3  
Show
View Real Time Build Order
Export as new Build Order

Jayu Zerg 

Build Orders: Hatch First, Lurkers 

Get SALT Encoding   

  12  0:01  Drone  
  13  0:09  Drone  
  14  0:15  Extractor  
  14  0:16  Drone  
  15  0:39  Hatchery  
  14  0:44  Drone, Extractor  
  15  0:59  Spawning Pool  
  15  1:03  Drone, Extractor  
  14  1:08  Extractor  
  14  1:09  Drone  
  15  1:16  Overlord  
  15  1:36  Drone x3  
  18  1:45  Queen  
  20  1:51  Zergling x2  
  21  1:57  Queen  
  23  2:01  Drone  
  24  2:09  Metabolic Boost  
  24  2:13  Drone  
  25  2:17  Drone  
  25  2:20  Overlord  
  26  2:29  Drone  
  27  2:30  Drone  
  28  2:40  Drone x3  
  31  2:45  Drone  
  31  2:47  Overlord  
  32  2:53  Drone  
  33  3:01  Drone x3  
  36  3:11  Drone x4  
  38  3:14  Hatchery  
  38  3:17  Drone  
  36  3:21  Drone  
  36  3:22  Zergling x2  
  36  3:24  Zergling x4  
  40  3:34  Drone x2  
  41  3:41  Drone  
  43  3:43  Drone, Overlord  
  43  3:46  Extractor  
  43  3:47  Extractor  
  41  3:48  Zergling x4  
  41  3:49  Extractor  
  41  3:54  Drone  
  43  3:56  Drone  
  43  3:57  Overlord  
  45  4:02  Drone x2  
  45  4:03  Drone x4  
  45  4:08  Roach Warren  
  48  4:10  Drone  
  48  4:11  Drone  
  48  4:14  Drone  
  51  4:19  Lair  
  51  4:21  Drone  
  52  4:27  Drone  
  52  4:28  Drone x3  
  58  4:49  Overlord  
  58  4:50  Drone x2  
  58  4:51  Drone x7  
  65  4:57  Overlord  
  62  5:09  Roach x2  
  66  5:18  Roach x4  
  74  5:22  Hydralisk Den  
  74  5:24  Hatchery, Roach  
  74  5:28  Overlord  
  74  5:34  Roach  
  72  5:38  Roach x4  
  76  5:47  Lurker Den  
  75  6:00  Hatchery  
  74  6:08  Glial Reconstitution  
  71  6:22  Overlord x3  
  71  6:24  Drone  
  70  6:36  Hydralisk x3  
  70  6:38  Extractor  
  75  6:42  Extractor  
  75  6:44  Queen  
  76  6:56  Roach x2  
  76  6:58  Queen  
  82  7:14  Hydralisk x4  
  82  7:24  Hydralisk x2  
  82  7:26  Drone  
  82  7:27  Drone  
  76  7:41  Drone x5  
  81  7:56  Drone x2  
  81  7:57  Overlord  
  83  8:02  Overlord x3  
  83  8:06  Muscular Augments  
  83  8:11  Evolution Chamber  
  82  8:15  Extractor  
  82  8:16  Extractor, Queen  
  82  8:20  Overlord x2, Lurker  
  82  8:26  Lurker x3  
  87  8:27  Lurker  
  87  8:28  Lurker  
  87  8:30  Lurker  
  87  8:32  Lurker  
  90  8:35  Lurker  
  91  8:45  Drone x5  
  96  8:52  Hydralisk  
  96  8:55  Hydralisk  
  98  8:59  Hatchery  
  98  9:00  Overlord  
  98  9:02  Drone  
  100  9:12  Zerg Missile Weapons Level 1  
  100  9:14  Drone  
  101  9:17  Hydralisk x2  
  101  9:21  Overlord x3  
  105  9:25  Overlord  
  105  9:35  Overlord x2  
  105  9:45  Hydralisk x6  
  100  9:56  Hydralisk  
  100  9:57  Hydralisk x3  
  108  10:05  Hydralisk x2  
  108  10:06  Hydralisk  
  114  10:24  Queen  
  112  10:39  Hydralisk  
  112  10:40  Hydralisk x8  
  131  10:42  Lurker  
  115  11:05  Hydralisk x6  
  115  11:06  Hydralisk x2  
  115  11:16  Hydralisk  
  107  11:20  Hydralisk  
  107  11:21  Hydralisk x3  
  115  11:27  Hydralisk x2  
  119  11:36  Hydralisk  
  121  11:50  Hydralisk  
  121  11:51  Hydralisk x2  
  121  11:52  Overseer  
  119  12:02  Hydralisk x3  
  119  12:04  Drone x5  
  119  12:07  Hydralisk  
  124  12:09  Overseer  
Tags
 
Composition
Lurkers
Matchup
PvZ
Replay Pack
puppytherapy
Add a new tag
Caveats
  • Supply blocks, unpowered buildings, or Contaminate may cause inaccurate times.
  • Supply counts are checked every 10 seconds.